 Dungeon Crawl Stone Soup version 0.31.0-32-g396128a36d (webtiles) character file.

Game seed: 14620226552057474808

247 Alphaeus the Ruffian (level 6, 0/39 HPs)
             Began as an Octopode Shapeshifter on Mar 19, 2024.
             Slain by a ball python (3 damage)
             ... in a sewer.
             The game lasted 00:02:18 (2098 turns).

Alphaeus the Ruffian (Octopode Shapeshifter)        Turns: 2098, Time: 00:02:19

Health: 0/39       AC:  1    Str: 16    XL:     6   Next: 11%
Magic:  6/6        EV: 10    Int: 12    God:
Gold:   131        SH:  0    Dex: 11    Spells: 5/5 levels left

rFire   . .          .
                       - Unarmed
rCold   . . .        (no shield)
rNeg    . . .        (helmet currently unavailable)
rPois   .            (no amulet)
rElec   .            (no ring)
rCorr   .            (no ring)
SInv    .            (no ring)
Will    .....        (no ring)
Stlth   +++          (no ring)
HPRegen 0.26/turn    (no ring)
MPRegen 0.10/turn    (no ring)
                     (no ring)

%: no passive effects
@: beast-form, constricted
A: beast (slay +2), almost no armour, amphibious, 8 rings, camouflage 1,
gelatinous body 1, nimble swimmer 1, tentacles
a: Begin Untransformation


You were in a sewer.
You were a hulking beast.
You visited 1 branch of the dungeon, and saw 3 of its levels.
You also visited: Sewer.

You collected 131 gold pieces.

Inventory:

Jewellery
 j - a +6 ring of dexterity
Talismans
 b - a beast talisman
 c - a flux talisman
Scrolls
 d - a scroll of blinking {unknown}
 e - 4 scrolls of teleportation {unknown}
 f - 3 scrolls of identify {unknown}
 g - a scroll of summoning {unknown}
 h - a scroll of enchant armour {unknown}
Potions
 a - a potion of lignification
 i - a potion of curing {unknown}
 k - a potion of enlightenment {unknown}


   Skills:
 + Level 2.2 Fighting
 + Level 3.0 Dodging
 * Level 4.6 Unarmed Combat
 * Level 4.3 Shapeshifting


You had 5 spell levels left.
You didn't know any spells.
Your spell library contained the following spells:

 Spells                   Type           Power      Damage    Failure   Level
 Ensorcelled Hibernation  Hex/Ice        0%         N/A       45%         2
 Fugue of the Fallen      Necr           0%         N/A       69%         3
 Anguish                  Hex/Necr       0%         N/A       97%         4


Dungeon Overview and Level Annotations

Branches:
Dungeon (3/15)              Sewer (1/1)

Altars:


Innate Abilities, Weirdness & Mutations

You are a hulking beast.
Your limbs bulge with bestial killing power. (Slay +2)
You cannot wear most types of armour.
You are amphibious.
You can wear up to eight rings at the same time.
Your skin changes colour to match your surroundings (Stealth+).
Your rubbery body absorbs attacks. (AC +1, EV +1)
You are camouflaged when in or above water. (Stealth+)
You have tentacles for arms and can constrict up to eight enemies at once.


Message History

You barely miss the frilled lizard. Your grab misses the frilled lizard.
The giant cockroach closely misses you. The frilled lizard closely misses you.
The frilled lizard bites you. The frilled lizard barely misses you.
The frilled lizard bites you.
The frilled lizard attacks as it pursues you!
The frilled lizard bites you.
You enter the shallow water.
The giant cockroach bites you but does no damage.
You barely miss the giant cockroach. Your grab misses the giant cockroach.
Your squeeze misses the giant cockroach.
The giant cockroach splashes around in the water.
You closely miss the giant cockroach. Your grab misses the giant cockroach.
You tentacle-slap the giant cockroach.
The giant cockroach is almost dead.
The frilled lizard closely misses you.
The giant cockroach waves its antennae.
The giant cockroach bites you.
* * * LOW HITPOINT WARNING * * *
You bludgeon the giant cockroach!
You kill the giant cockroach!
The ball python closely misses you. The ball python grabs you.
The ball python constricts you. The frilled lizard bites you.
* * * LOW HITPOINT WARNING * * *
You tentacle-slap the frilled lizard.
You kill the frilled lizard!
The ball python bites you.
* * * LOW HITPOINT WARNING * * *
The ball python constricts you.
* * * LOW HITPOINT WARNING * * *
The frilled lizard barely misses you.
The ball python bites you but does no damage.
The ball python constricts you.
Your Dodging skill increases to level 3!
You closely miss the frilled lizard. Your grab misses the frilled lizard.
You squeeze the frilled lizard.
You kill the frilled lizard!
The frilled lizard bites you.
* * * LOW HITPOINT WARNING * * *
The ball python bites you.
You die...

###~.~~~~~###
##~.~~.~.~...##
##~~~†~~~~~~~~~#####
##.~†.~#####~†...##∩##
#~~~†###~~.###.~~~#~~#
#~~~##~~~~~.~##~~~#~.##
##~~##~~~~.~~~~##~~##..#
#~~~#~S.lw†~.~~~#~~~#.∩#
#~.##.~h#####~~~##~~#†.#
##~~#~.~## ~~~#~†##.#
#~~~#..## .#.~~#~.
#~~##~.# ###~#~.
#~~#~.## #~#~~ #~~#~~#
#~#~~ #.~#~.# #.#~~
#..#~~# ##.#.~ #~~#~~#
#~~#~.


You could see a dart slug, a ball python and a frilled lizard.

Vanquished Creatures
  A scorpion (D:3)
  Robin (D:2)
  4 adders
  A river rat (D:3)
  3 ribbon worms
  9 dart slugs
  An orc (D:3)
  19 ball pythons
  11 endoplasms
  7 giant cockroaches
  14 goblins
  4 hobgoblins
  6 quokkas
  7 bats
  11 frilled lizards
  2 kobolds
  6 rats
107 creatures vanquished.

Notes
Turn   | Place    | Note
-------+----------+-------------------------------------------
     0 | D:1      | Alphaeus the Octopode Shapeshifter began the quest for the
                  | Orb.
     0 | D:1      | Reached XP level 1. HP: 13/13 MP: 1/1
   193 | D:1      | Reached XP level 2. HP: 18/18 MP: 2/2
   397 | D:1      | You fall into a shaft and drop 1 floor!
   546 | D:1      | Reached XP level 3. HP: 19/23 MP: 3/3
  1143 | D:2      | Reached XP level 4. HP: 17/28 MP: 4/4
  1447 | D:2      | Noticed Robin
  1451 | D:2      | Killed Robin
  1588 | D:3      | Noticed a scorpion
  1602 | D:3      | Killed a scorpion
  1603 | D:3      | Reached XP level 5. HP: 28/34 MP: 5/5
  1748 | D:3      | Found a glowing drain.
  1752 | Sewer    | Entered a sewer
  2050 | Sewer    | Reached XP level 6. HP: 39/39 MP: 6/6
  2098 | Sewer    | Slain by a ball python

Illustrated notes

Levels and vault maps discovered:
D:1:      dpeg_arrival_tiny_h, layout_loops_ring
D:2:      layout_loops_ring, uniq_robin
D:3:      layout_basic, gup_sewer_entry_bowl
Sewer:    sewer_frog_island_02

Skill      XL: |  1  2  3  4  5  6 |
---------------+-------------------+-----
Fighting       | 2 |  2.2
Unarmed Combat | 4 |  4.6
Shapeshifting  | 4 |  4.3
Dodging        | 3 |  3.0

Action                     |  1- 3 |  4- 6 || total
---------------------------+-------+-------++-------
  Melee: Unarmed           |    65 |   118 ||   183
         Constrict         |    20 |    31 ||    51
         Tentacles         |    14 |    28 ||    42
         Punch             |     1 |     3 ||     4
   Stab: Sleeping          |     8 |    10 ||    18
 Armour: Skin              |    25 |    64 ||    89
  Dodge: Dodged            |    36 |    73 ||   109
